 Dungeon Crawl Stone Soup version 0.14.0-12-g87ee3b7 (webtiles) character file.

1395 Dodo the Covert (level 8, 0/44 HPs)
             Began as a Kobold Assassin on Apr 16, 2014.
             Was a Believer of Nemelex Xobeh.
             Slain by an orc warrior
             ... wielding a +0,+0 hand axe
              (18 damage)
             ... on Level 8 of the Dungeon.
             The game lasted 00:35:50 (9071 turns).

Dodo the Covert (Kobold Assassin)                   Turns: 9071, Time: 00:35:50

HP   0/44        AC  3     Str  9      XL: 8   Next: 52%
MP   9/9         EV 25     Int 11      God: Nemelex Xobeh [**....]
Gold 331         SH  0     Dex 22 (23) Spells:  0 memorised,  7 levels left

rFire  . . .     SeeInvis .     a - +2,+3 dagger
rCold  + . .     Clarity  .     c - +0 robe
rNeg   + . .     Conserve .     (no shield)
rPois  .         rCorr    .     (no helmet)
rElec  +         rRot     .     d - +0 cloak
SustAb . .       Spirit   .     (no gloves)
rMut   .         Warding  +     (no boots)
Saprov + + .     Stasis   .     i - amulet "Muime" {Ward +Fly rElec rF-}
MR     +....                    f - ring of protection from fire
                                u - ring of protection from cold

@: agile, somewhat resistant to hostile enchantments, extremely stealthy
A: disease resistance, blurry vision 1, carnivore 3, clever 1, low mp 1, magic
resistance 1, saprovore 2, screaming 1, weak 1
a: Draw One, Peek at Two, Renounce Religion, Evoke Flight


You were on level 8 of the Dungeon.
You worshipped Nemelex Xobeh.
Nemelex Xobeh was pleased with you.
You were very full.

You visited 2 branches of the dungeon, and saw 9 of its levels.

You collected 369 gold pieces.

Inventory:

Hand weapons
 a - a +2,+3 dagger (weapon)
 b - a +0 blowgun
Missiles
 e - a curare-tipped needle
 F - 14 poisoned needles
Armour
 c - a +0 robe (worn)
 d - a +0 cloak (worn)
Magical devices
 x - a wand of frost (6)
Comestibles
 g - 2 meat rations
 v - 3 rotting chunks of orc flesh
Scrolls
 h - 3 scrolls of random uselessness
 j - a scroll of enchant weapon I {unknown}
 m - 2 scrolls of blinking
 n - a scroll of enchant armour {unknown}
 o - 2 scrolls of fog
 p - a scroll of immolation {unknown}
 y - a scroll of enchant weapon II
 z - 3 scrolls of remove curse
 C - a scroll of noise {unknown}
 D - a scroll of enchant weapon III {unknown}
Jewellery
 f - a ring of protection from fire (right hand)
 i - the amulet "Muime" (around neck) {Ward +Fly rElec rF-}
   (You took it off an orc on level 6 of the Dungeon)

   [amulet of warding]

   It makes you vulnerable to fire.
   It insulates you from electricity.
   It lets you fly.
 q - an uncursed ring of teleportation
 s - an uncursed amulet of inaccuracy
 u - a ring of protection from cold (left hand)
 B - the ring "Schagedo" {+/*Tele rF+}
   (You found it on level 6 of the Dungeon)

   [ring of teleportation]

   It protects you from fire.
Potions
 k - a potion of heal wounds
 t - a potion of degeneration
 w - 5 potions of curing
 A - a potion of restore abilities {unknown}
Books
 r - a book of the Sky

   Spells                             Type                      Level
   Flight                             Charms/Air                   3
   Airstrike                          Air                          4
   Silence                            Hexes/Air                    5
   Deflect Missiles                   Charms/Air                   6
   Conjure Ball Lightning             Conjuration/Air              6
   Tornado                            Air                          9
 G - a book of Summonings

   Spells                             Type                      Level
   Abjuration                         Summoning                    3
   Recall                             Summoning/Translocation      3
   Summon Elemental                   Summoning                    4
   Shadow Creatures                   Summoning                    5
   Summon Demon                       Summoning                    5
   Monstrous Menagerie                Summoning                    6
Miscellaneous
 l - an ornate deck of escape


   Skills:
 - Level 2.1 Fighting
 + Level 7.7 Short Blades
 - Level 2.6 Throwing
 + Level 5.5 Dodging
 + Level 9.5 Stealth
 * Level 2.6 Evocations


You had 7 spell levels left.
You didn't know any spells.

Dungeon Overview and Level Annotations

Branches:
Dungeon (8/15)             Temple (1/1) D:7
   Lair: D:8-11

Altars:
Ashenzari
Cheibriados
Dithmenos
Elyvilon
Fedhas
Kikubaaqudgha
Makhleb
Nemelex Xobeh
Okawaru
Sif Muna
Trog
Vehumet
Yredelemnul
Zin
The Shining One

Annotations:
D:5 Turgon's ghost, average DsCK


Innate Abilities, Weirdness & Mutations

You recuperate from illness quickly.
You are small and have problems with some larger weapons.
You are carnivorous and can eat meat at any time.
You can eat rotten meat.
Your vision is a little blurry.
Your mind is acute. (Int +2)
Your magical capacity is low (-10% MP).
You are resistant to hostile enchantments.
You occasionally shout uncontrollably.
You are weak. (Str -2)


Message History

You hit the orc warrior.
The orc warrior is heavily wounded.
The orc warrior closely misses you.
You hit the orc warrior but do no damage.
The orc warrior is heavily wounded.
You hit the orc warrior but do no damage.
The orc warrior is heavily wounded.
The orc warrior hits you with a hand axe!
You hit the orc warrior.
The orc warrior is severely wounded.
You hit the orc warrior.
The orc warrior is severely wounded.
The orc warrior completely misses you.
You hit the orc warrior but do no damage.
The orc warrior is severely wounded.
You closely miss the orc warrior.
The orc warrior is severely wounded.
The orc warrior hits you with a hand axe!
You die...
Your body disappears without a glow.

#.....##.# #.......>.#
#.....##.###.........#
#.....##.............#
#.....######........... #.....#
#.........#. ##.#### #.........#
#..# ###.####### ##.## #.######
#..# #..@ooo# ##.# ######.####
####'## #....?....# .# ......#
#.........# #.### ......#####
#.........##.......
......'...####..................
......###...##.........#........
......# ###..#.........#.......
......# ##...........#.......


You could see an orc warrior and 2 orcs.

Vanquished Creatures
  2 ogres
  A giant frog (D:4)
  2 scorpions
  2 crimson imps
  3 hounds
  2 orc priests (D:6)
  4 worker ants
  3 orc wizards
  An iguana (D:5)
  Jessica (D:2)
  4 gnolls (D:7)
  A giant mite (D:6)
  3 shadow imps
  6 adders
  An inept feature mimic (D:3)
  A worm (D:6)
  A goliath beetle zombie (D:8)
  An adder zombie (D:6)
  5 giant geckos
  3 oozes
  19 orcs
  A ball python (D:1)
  3 giant cockroaches
  A giant mite zombie (D:6)
  15 goblins
  14 hobgoblins
  9 jackals
  12 kobolds
  15 bats
  4 giant newts
  A hobgoblin zombie (D:6)
  A jackal zombie (D:6)
  An orc skeleton (D:7)
  An orc zombie (D:5)
  15 rats
159 creatures vanquished.

Notes
Turn   | Place    | Note
--------------------------------------------------------------
     0 | D:1      | Dodo, the Kobold Assassin, began the quest for the Orb.
     0 | D:1      | Reached XP level 1. HP: 12/12 MP: 1/1
   270 | D:1      | Reached XP level 2. HP: 8/17 MP: 2/2
   994 | D:1      | Reached XP level 3. HP: 12/21 MP: 3/3
  1305 | D:1      | Reached skill level 6 in Stealth
  1691 | D:2      | Found a basalt altar of Yredelemnul.
  2125 | D:2      | Reached XP level 4. HP: 18/26 MP: 4/4
  2613 | D:2      | Noticed Jessica
  2620 | D:2      | Killed Jessica
  2718 | D:3      | Reached skill level 5 in Short Blades
  2718 | D:3      | Reached XP level 5. HP: 30/30 MP: 5/5
  2955 | D:3      | Reached skill level 7 in Stealth
  3374 | D:3      | Found a white marble altar of Elyvilon.
  4285 | D:4      | Reached XP level 6. HP: 28/35 MP: 6/6
  4658 | D:4      | Found a basalt altar of Yredelemnul.
  4875 | D:4      | Reached skill level 8 in Stealth
  4999 | D:4      | Reached XP level 7. HP: 40/40 MP: 7/7
  5145 | D:5      | Entered Level 5 of the Dungeon
  5145 | D:5      | Noticed Turgon's ghost (average DsCK)
  6234 | D:6      | Gained mutation: You occasionally shout uncontrollably. [potion of mutation]
  6234 | D:6      | Gained mutation: Your magical capacity is low (-10% MP). [potion of mutation]
  6234 | D:6      | Gained mutation: Your vision is a little blurry. [potion of mutation]
  6235 | D:6      | Gained mutation: You are resistant to hostile enchantments. [potion of mutation]
  6235 | D:6      | Gained mutation: Your mind is acute. (Int +2) [potion of mutation]
  6235 | D:6      | Gained mutation: You are weak. (Str -2) [potion of mutation]
  6262 | D:6      | Paralysed by a potion of paralysis for 2 turns
  6363 | D:6      | Reached skill level 9 in Stealth
  6363 | D:6      | Reached XP level 8. HP: 38/44 MP: 7/7
  6445 | D:6      | Found a deep blue altar of Sif Muna.
  6534 | D:6      | Reached skill level 5 in Dodging
  6714 | D:6      | Got an ancient brass amulet
  6725 | D:6      | Identified the amulet "Muime" {Ward +Fly rElec rF-} (You took it off an orc on level 6 of the Dungeon)
  6791 | D:6      | Found a sparkling altar of Nemelex Xobeh.
  6799 | D:6      | Became a worshipper of Nemelex Xobeh the Trickster
  6820 | D:6      | Received a gift from Nemelex Xobeh
  6958 | D:6      | Got a transparent tin ring
  6994 | D:6      | Found an iron altar of Okawaru.
  7221 | D:4      | Acquired Nemelex Xobeh's first power
  7732 | D:6      | Reached skill level 1 in Evocations
  8230 | D:7      | Identified the ring "Schagedo" {+/*Tele rF+} (You found it on level 6 of the Dungeon)
  8272 | D:7      | Found a staircase to the Ecumenical Temple.
  8317 | Temple   | Entered the Ecumenical Temple
  8652 | D:8      | Acquired Nemelex Xobeh's second power
  8957 | D:8      | Received a gift from Nemelex Xobeh
  9071 | D:8      | Slain by an orc warrior

Action                   |  1- 3 |  4- 6 |  7- 9 || total
-------------------------+-------+-------+-------++-------
Melee: Dagger            |   115 |   210 |   347 ||   672
 Fire: Blowgun           |     2 |    38 |    38 ||    78
Evoke: Wand              |       |       |     6 ||     6
       Deck              |       |       |     4 ||     4
  Use: Scroll            |       |     8 |     6 ||    14
       Potion            |       |     2 |    11 ||    13
 Stab: Sleeping          |     9 |    11 |    12 ||    32
       Distracted        |     2 |       |     1 ||     3
